 Dungeon Crawl Stone Soup version 0.30.0-16-gbe6223bb7e (webtiles) character file.

Game seed: 16961260189283145978

7916 Peloso the Carver (level 11, -6/97 HPs)
             Began as a Minotaur Fighter on May 20, 2023.
             Was a Priest of Okawaru.
             Splashed by a brown very ugly thing's acid (8 damage)
             ... on level 1 of the Abyss.
             The game lasted 00:16:04 (8260 turns).

Peloso the Carver (Minotaur Fighter)                Turns: 8260, Time: 00:16:04

Health: -6/97      AC: 23    Str: 22    XL:     11   Next: 3%
Magic:  10/10      EV:  7    Int:  5    God:    Okawaru [***...]
Gold:   594        SH: 11    Dex: 13    Spells: 10/10 levels left

rFire   . . .        a - +6 double sword (protect)
rCold   . . .        d - +0 kite shield
rNeg    . . .        K - +0 plate armour
rPois   +            (helmet restricted)
rElec   .            s - +0 cloak
rCorr   .            (no gloves)
SInv    .            C - +0 pair of boots
Will    .....        (no amulet) Stlth
                     k - +4 ring of slaying
HPRegen 0.36/turn    z - ring of poison resistance
MPRegen 0.12/turn

%: no passive effects
@: under a protective aura
A: horns 2, retaliatory headbutt
a: Renounce Religion, Heroism


You were on level 1 of the Abyss.
You worshipped Okawaru.
Okawaru was most pleased with you.
You visited 2 branches of the dungeon, and saw 11 of its levels.
You visited the Abyss 1 time.
You also visited: Ossuary.

You collected 691 gold pieces.
You spent 97 gold pieces at shops.

Inventory:

Hand Weapons
 a - a +6 double sword of protection (weapon)
 b - a +0 long sword
 c - a +0 short sword of flaming
Armour
 d - a +0 kite shield (worn)
 s - a +0 cloak (worn)
 t - a +0 chain mail
 C - a +0 pair of boots (worn)
 K - a +0 plate armour (worn)
Jewellery
 k - a +4 ring of slaying (left hand)
 r - a ring of wizardry
 z - a ring of poison resistance (right hand)
 D - a +4 ring of slaying
 J - a ring of protection from fire
Wands
 n - a wand of polymorph (7)
 u - a wand of digging (10)
 B - a wand of quicksilver (2)
 N - a wand of flame (13)
 P - a wand of iceblast (11)
Scrolls
 e - 3 scrolls of fear
 g - a scroll of enchant armour
 i - 3 scrolls of enchant weapon
 j - 5 scrolls of teleportation
 o - 6 scrolls of noise
 p - a scroll of blinking
 q - 2 scrolls of fog
 w - 6 scrolls of poison
 x - a scroll of immolation
 y - 2 scrolls of magic mapping
 E - 2 scrolls of brand weapon {unknown}
 H - 3 scrolls of amnesia
 O - a scroll of identify
Potions
 f - 2 potions of magic
 h - 3 potions of brilliance
 l - 2 potions of might
 m - 4 potions of mutation
 v - a potion of haste
 F - 3 potions of lignification {unknown}
 G - 7 potions of curing {unknown}
 I - 2 potions of ambrosia {unknown}
 L - a potion of invisibility {unknown}
 M - a potion of attraction {unknown}


   Skills:
 + Level 9.2 Fighting
 + Level 14.3 Long Blades
 + Level 8.4 Armour
 + Level 3.1 Dodging
 + Level 1.0 Stealth
 + Level 9.0 Shields


You had 10 spell levels left.
You didn't know any spells.
Your spell library contained the following spells:

 Spells                   Type           Power      Damage    Failure   Level
 Slow                     Hex            0%         N/A       100%        1
 Blink                    Tloc           0%         N/A       100%        2
 Lesser Beckoning         Tloc           0%         N/A       100%        2
 Momentum Strike          Conj/Tloc      0%         3d8       100%        2
 Frozen Ramparts          Ice            0%         1d1       100%        3
 Gell's Gravitas          Tloc           0%         N/A       100%        3
 Teleport Other           Tloc           0%         N/A       100%        3
 Vhi's Electric Charge    Tloc/Air       0%         N/A       100%        3
 Arcjolt                  Conj/Air       0%         1d10      100%        5
 Yara's Violent Unravell  Hex/Tmut       0%         3d3       100%        5
 Dispersal                Tloc           0%         N/A       100%        6
 Plasma Beam              Fire/Air       0%         2x1d11    100%        6


Dungeon Overview and Level Annotations

Branches:
Dungeon (10/15)            Temple (1/1) D:6         Ossuary (visited)
   Lair: D:8-11         Orc: D:9-12

Altars:
Ashenzari
Cheibriados
Dithmenos
Elyvilon
Fedhas
Hepliaklqana
Kikubaaqudgha
Makhleb
Nemelex Xobeh
Okawaru
Qazlal
Ru
Sif Muna
Trog
Uskayaw
Vehumet
Wu Jian
Xom
Yredelemnul
Zin
The Shining One

Shops:
D:4 *

Annotations:
D:5 2 runed translucent doors, Lukhong's ghost, novice DEIE
D:10 Psyche


Innate Abilities, Weirdness & Mutations

You have a pair of horns on your head.
You reflexively headbutt those who attack you in melee.


Message History

Really walk into that cloud of seething chaos? [Y]es or [N]o only, please.
Really walk into that cloud of seething chaos?
Okay, then.
There is an open door here.
A brown very ugly thing comes into view.
The brown very ugly thing gurgles horribly!
There is an open door here.
The brown very ugly thing attacks as you move away!
The brown very ugly thing bites you but does no damage.
You block the brown very ugly thing's attack.
The brown very ugly thing barely misses you.
You furiously retaliate!
You headbutt the brown very ugly thing.
You fail to use your ability.
The brown very ugly thing bites you!
You are splashed with acid!
You closely miss the brown very ugly thing.
You headbutt the brown very ugly thing!
The brown very ugly thing is lightly wounded.
The brown very ugly thing bites you!
You are splashed with acid!
* * * LOW HITPOINT WARNING * * *
You slash the brown very ugly thing!
Your weapon exudes an aura of protection.
You headbutt the brown very ugly thing!
The brown very ugly thing is moderately wounded.
The brown very ugly thing bites you but does no damage.
You slash the brown very ugly thing!
The brown very ugly thing is heavily wounded.
You closely miss the brown very ugly thing.
You headbutt the brown very ugly thing.
The brown very ugly thing is heavily wounded.
The brown very ugly thing bites you!
* * * LOW HITPOINT WARNING * * *
You are splashed with acid!
* * * LOW HITPOINT WARNING * * *
You hit the brown very ugly thing but do no damage.
The brown very ugly thing is heavily wounded.
The brown very ugly thing bites you.
* * * LOW HITPOINT WARNING * * *
You are splashed with acid!
You die...

#.. ..# #..
..# ... #...
..# ... ...
..# ... #....
..# #'##
#.#.# .#. ...
#...#.#... .#
#..@##. ...#
#.##u......#
#.#..##.....#
#...#. #
....# ##.###
#.....#
#......
.....# #....
.'. ...# ..
..... .. .#
....#.....#


You could see a brown very ugly thing.

Vanquished Creatures
  A tentacled starspawn (Abyss:1)
  A two-headed ogre (D:6)
  2 large abominations (Abyss:1)
  A hornet (D:8)
  13 yaks
  A chaos spawn (Abyss:1)
  2 water moccasins
  Duvessa (D:7)
  2 orc warriors
  An ice beast (D:5)
  3 ogres
  2 sky beasts (D:6)
  5 centaurs
  2 phantoms
  3 kobold brigands
  2 elf zombies (Ossuary)
  2 bullfrogs
  2 scorpions
  A wight (D:6)
  Dowan (D:7)
  4 killer bees
  A quasit (Abyss:1)
  5 hounds
  2 human zombies (Ossuary)
  4 orc priests
  A sleepcap (D:7)
  An iron imp (Abyss:1)
  5 jellies
  A gnoll bouda (D:6)
  Jessica (D:3)
  7 iguanas
  4 orc wizards
  3 mummies
  Robin (D:2)
  11 gnolls
  6 adders
  2 shadow imps (D:8)
  4 white imps
  An ufetubus (Abyss:1)
  2 adder zombies (Ossuary)
  6 dart slugs
  3 worms (D:3)
  14 orcs
  5 bats
  7 endoplasms
  4 giant cockroaches
  13 hobgoblins
  5 jackals
  5 quokkas
  10 ball pythons
  3 frilled lizards
  13 goblins
  9 hobgoblin zombies
  A jackal zombie (Ossuary)
  18 kobolds
  9 kobold zombies
  10 orc zombies (Ossuary)
  29 rats
  4 rat zombies (Ossuary)
282 creatures vanquished.

Vanquished Creatures (others)
  2 starspawn tentacles (Abyss:1)
2 creatures vanquished.

Grand Total: 284 creatures vanquished

Notes
Turn   | Place    | Note
-------+----------+-------------------------------------------
     0 | D:1      | Peloso the Minotaur Fighter began the quest for the Orb.
     0 | D:1      | Reached XP level 1. HP: 19/19 MP: 0/0
   338 | D:1      | Reached XP level 2. HP: 27/27 MP: 1/1
   792 | D:1      | Reached XP level 3. HP: 32/33 MP: 2/2
   998 | D:1      | Reached skill level 3 in Long Blades
  1056 | D:2      | Reached XP level 4. HP: 20/41 MP: 3/3
  1576 | D:2      | Noticed Robin
  1588 | D:2      | Killed Robin
  1744 | D:3      | Noticed a phantom
  1754 | D:3      | Killed a phantom
  1755 | D:3      | Reached skill level 4 in Long Blades
  1755 | D:3      | Reached XP level 5. HP: 40/47 MP: 4/4
  2111 | D:3      | Reached skill level 1 in Dodging
  2345 | D:3      | Reached skill level 5 in Long Blades
  2451 | D:3      | Noticed Jessica
  2459 | D:3      | Killed Jessica
  2570 | D:3      | Found a snail-covered altar of Cheibriados.
  2738 | D:3      | Reached XP level 6. HP: 53/53 MP: 5/5
  3074 | D:4      | Found a sacrificial altar of Ru.
  3102 | D:4      | Reached skill level 5 in Armour
  3178 | D:4      | Found a sand-covered staircase.
  3185 | Ossuary  | Entered an ossuary
  3325 | Ossuary  | Reached skill level 6 in Long Blades
  3422 | Ossuary  | Reached skill level 5 in Fighting
  3422 | Ossuary  | Reached XP level 7. HP: 60/61 MP: 6/6
  3458 | Ossuary  | Identified a scroll of acquirement
  3458 | Ossuary  | Acquired a +6 double sword of protection
  3568 | D:4      | Identified the +1 ring mail of the Eternal Fruit {Will+}
  3603 | D:4      | Reached skill level 5 in Shields
  3760 | D:4      | Found Maekh's General Store.
  3784 | D:4      | Bought a scroll of magic mapping for 97 gold pieces
  3794 | D:4      | Found a hide-covered altar of Uskayaw.
  3821 | D:4      | Found a bloodstained altar of Trog.
  4036 | D:5      | Entered Level 5 of the Dungeon
  4125 | D:5      | Reached skill level 7 in Long Blades
  4159 | D:5      | Got the Monograph on Numb Obstruction
  4437 | D:5      | Found a large runed translucent door.
  4438 | D:5      | Found a large runed translucent door.
  4441 | D:5      | Noticed Lukhong's ghost (novice DEIE)
  4541 | D:5      | Reached skill level 8 in Long Blades
  4571 | D:5      | Identified the +5 sling of Painted Expedience {flame, Fly
                  | rF+ Stlth-}
  4658 | D:5      | Reached XP level 8. HP: 69/69 MP: 7/7
  4743 | D:5      | Reached skill level 9 in Long Blades
  4762 | D:5      | Reached skill level 10 in Long Blades
  4965 | D:6      | Noticed a two-headed ogre
  5052 | D:6      | Reached XP level 9. HP: 75/78 MP: 8/8
  5169 | D:6      | Killed a two-headed ogre
  5170 | D:6      | Reached skill level 11 in Long Blades
  5396 | D:6      | Reached skill level 12 in Long Blades
  5494 | D:6      | Found a staircase to the Ecumenical Temple.
  5755 | D:6      | Found a shimmering blue altar of Sif Muna.
  6007 | Temple   | Entered the Ecumenical Temple
  6024 | Temple   | Became a worshipper of Warmaster Okawaru
  6234 | D:7      | Reached XP level 10. HP: 87/88 MP: 9/9
  6429 | D:7      | Noticed Dowan
  6429 | D:7      | Noticed Duvessa
  6437 | D:7      | Killed Dowan
  6446 | D:7      | Found a stormy altar of Qazlal.
  6453 | D:7      | Killed Duvessa
  6453 | D:7      | Reached * piety under Okawaru
  6455 | D:7      | Found a radiant altar of Vehumet.
  6672 | D:8      | Paralysed by a hornet for 1 turns
  6708 | D:8      | Found an ornate altar of the Wu Jian Council.
  6750 | D:8      | Reached skill level 13 in Long Blades
  6988 | D:8      | Reached ** piety under Okawaru
  7745 | D:9      | Found a broken altar of Ashenzari.
  8049 | D:10     | Entered Level 10 of the Dungeon
  8049 | D:10     | Noticed Psyche
  8051 | D:10     | Noticed an orange demon
  8053 | Abyss:1  | Cast into level 1 of the Abyss (Psyche)
  8155 | Abyss:1  | Noticed a tentacled starspawn
  8158 | Abyss:1  | Reached *** piety under Okawaru
  8168 | Abyss:1  | Killed a tentacled starspawn
  8169 | Abyss:1  | Reached skill level 14 in Long Blades
  8169 | Abyss:1  | Reached skill level 1 in Stealth
  8187 | Abyss:1  | Reached XP level 11. HP: 33/97 MP: 10/10
  8244 | Abyss:1  | Noticed a brown very ugly thing
  8260 | Abyss:1  | HP: 2/97 [brown very ugly thing (4)]
  8260 | Abyss:1  | Splashed by a brown very ugly thing's acid

Illustrated notes

Levels and vault maps discovered:
D:1:      sevenhm_arrival_forest_fort_small_6, layout_loops_corners,
          serial_bayou_pond_b
D:2:      layout_loops_ring, bh_walls_and_bars, uniq_robin
D:3:      minmay_thinvault, layout_loops_corners, kennysheep_slug_shrine,
          minmay_rat_hole, uniq_jessica
D:4:      layout_rooms, lemuel_crystal_altar, trog_antimagical,
          amcnicky_altar_gilded, serial_aquarium, aquarium_bridge_square
          [aquarium_subvault_wall, aquarium_subvault_bridge,
          aquarium_subvault_bridge, aquarium_subvault_wall],
          aquarium_bridge_square [aquarium_subvault_window,
          aquarium_subvault_bridge, aquarium_subvault_window,
          aquarium_subvault_window], aquarium_window_fake, aquarium_window_fake,
          aquarium_window_double, aquarium_view_2d, aquarium_balcony_double_1,
          serial_shops, shop, nicolae_ossuary_entry_giza
D:5:      layout_basic, ebering_ghost_disaster_area
D:6:      cheibrodos_fzero, layout_loops_ring, tgw_sif,
          minmay_temple_entry_poolview, grunt_ministairs_15
D:7:      layout_basic, minitemple, minmay_misc_feat_room,
          nicolae_fountain_basement, uniq_duvessa
D:8:      layout_gridville, lemuel_round_altar, kennysheep_generic_room_6
D:9:      nicolae_cairo_tiling_very_big, layout_cross,
          nicolae_ashenzari_skybound
D:10:     minmay_separated_statues, layout_long_grid,
          mainiacjoe_overflow_six_doors_small, david_lair_generic, orc_0_dummy,
          chequers_serial_rivers_small_a, minmay_quadrilaterals, uniq_maggie,
          uniq_amaemon, uniq_psyche
Temple:   hellmonk_temple_two_chambers
Abyss:1:  base:
D:8

Skill      XL: |  1  2  3  4  5  6  7  8  9 10 |
---------------+-------------------------------+-----
Shields        | 4 5 6 7 9 |  9.0
Fighting       | 4 5 6 8 9 |  9.2
Armour         | 4 5 6 7 8 |  8.4
Long Blades    | 3 4 5 6 8 10 12 14 | 14.3
Dodging        | 1 2 3 |  3.1
Stealth        | 1 |  1.0

Action                     |  1- 3 |  4- 6 |  7- 9 | 10-12 || total
---------------------------+-------+-------+-------+-------++-------
  Melee: Long sword        |    66 |   234 |       |       ||   300
         Headbutt          |    11 |    43 |    23 |    27 ||   104
         Double sword      |       |       |   162 |   128 ||   290
  Evoke: Wand              |       |       |     1 |       ||     1
    Use: Scroll            |       |     7 |     8 |     2 ||    17
         Potion            |       |       |       |     1 ||     1
 Armour: Scale mail        |    22 |    57 |       |       ||    79
         Chain mail        |       |    60 |    65 |    34 ||   159
         Plate armour      |       |       |       |    54 ||    54
  Dodge: Dodged            |    32 |    67 |    46 |    31 ||   176
  Block: Buckler           |    13 |    32 |       |       ||    45
         Kite shield       |       |    58 |    73 |    84 ||   215
